[Event "Early-Titled-Tuesday-Blitz-September-26-2023"]
[Site "Chess.com"]
[Date "2023.09.26"]
[Round "8"]
[White "Barmen_EV"]
[Black "Lion-Al-Messi"]
[Result "1-0"]
[WhiteElo "2460"]
[BlackElo "2629"]
[TimeControl "180+1"]
[EndTime "9:28:49 PDT"]
[Termination "Barmen_EV won by checkmate"]

1. e4 c5 2. c3 Nf6 3. e5 Nd5 4. d4 cxd4 5. Nf3 Nc6 6. Bc4 e6 7. cxd4 d6 8. exd6 Bxd6 9. O-O O-O 10. Nc3 Nb6 11. Bd3 h6 12. a3 Ne7 13. Bc2 Bd7 14. Qd3 Ng6 15. h4 f5 16. h5 Nh4 17. Re1 Bc6 18. d5 Nxd5 19. Nd4 Nxc3 20. Nxe6 Qf6 21. Qxd6 Nxg2 22. Bb3 Kh8 23. Bd2 Nxe1 24. Bxc3 Nf3+ 25.
Kf1 Qh4 26. Bxg7+ Kh7 27. Nxf8+ Rxf8 28. Qxh6# 1-0

[Event "Early-Titled-Tuesday-Blitz-September-26-2023"]
[Site "Chess.com"]
[Date "2023.09.26"]
[Round "8"]
[White "azikom"]
[Black "jup1978"]
[Result "1-0"]
[WhiteElo "2643"]
[BlackElo "2434"]
[TimeControl "180+1"]
[EndTime "9:28:50 PDT"]
[Termination "azikom won by resignation"]

1. c4 c6 2. e4 d5 3. exd5 cxd5 4. cxd5 Nf6 5. Qa4+ Nbd7 6. Nc3 g6 7. Bc4 a6 8.
Nf3 Bg7 9. d3 O-O 10. Be3 Rb8 11.
Bb3 b5 12. Qh4 Nb6 13. d6 exd6 14. O-O Nfd7 15. Bg5 Bf6 16. Ne4 Bxg5 17. Nfxg5 h5 18. Nxd6 Nc5 19. Ndxf7 Qf6 20. Qg3 Nxb3 21. axb3 Bf5 22.
Nd6 Rbd8 23. Nxf5 Qxf5 24. Rxa6 Rxd3 25. Qc7 Rd7 26. Qxb6 Qxg5 27. Qxg6+ Qxg6 28. Rxg6+ Kh7 29. Rg5 Kh6 30. Rxb5 Rd2 31. h4 Rxb2 32. Rb6+ Kh7 33. g3 Re8 34. b4 Ree2 35. b5 Rb3 36. Rb7+ Kg6 37. Rc1 Rbb2 38. Rc6+ Kf5 39. Rf7+ Ke4 40. Re6+ 1-0

[Event "Early-Titled-Tuesday-Blitz-September-26-2023"]
[Site "Chess.com"]
[Date "2023.09.26"]
[Round "8"]
[White "Arteler"]
[Black "Qvalda"]
[Result "1-0"]
[WhiteElo "2587"]
[BlackElo "2389"]
[TimeControl "180+1"]
[EndTime "9:28:50 PDT"]
[Termination "Arteler won on time"]

1. e4 e6 2. d4 d5 3. Bd2 dxe4 4. Bc3 Nf6 5. Nd2 c5 6. Ne2 cxd4 7. Nxd4 Nc6 8.
Nxc6 bxc6 9. Bc4 Bc5 10. Qe2 O-O 11. Nxe4 Bd4 12. O-O-O e5 13. Bb4 Nxe4 14. Qxe4 Qg5+ 15. f4 Qh6 16. Bxf8 Kxf8 17. c3 Bb6 18. Qxe5 Bg4 19. Qd6+ Qxd6 20. Rxd6 Be3+ 21. Kc2 Bxf4 22. Rd4 Bf5+ 23.
Bd3 Bxd3+ 24. Rxd3 Be5 25. g3 g5 26. Rhd1 Ke7 27. Re1 f6 28. Red1 Rb8 29. Rd7+ Ke6 30. Rxh7 Rb5 31. Rxa7 Kf5 32. a4 Rb8 33. a5 Kg4 34. a6 Kh3 35. Rd2 f5 36. Rf7 f4 37.
gxf4 gxf4 38. a7 Rg8 39. Re2 Bd6 40. Re6 Bc5 41. Rxc6 Bg1 42. Rxf4 1-0

[Event "Early-Titled-Tuesday-Blitz-September-26-2023"]
[Site "Chess.com"]
[Date "2023.09.26"]
[Round "8"]
[White "moro182"]
[Black "TigrVShlyape"]
[Result "1-0"]
[WhiteElo "2853"]
[BlackElo "2949"]
[TimeControl "180+1"]
[EndTime "9:28:51 PDT"]
[Termination "moro182 won on time"]

1. c4 e5 2. g3 Nc6 3. Bg2 Bc5 4. Nc3 a6 5. e3 Ba7 6. Nge2 Nge7 7. O-O O-O 8. b3 d6 9. Bb2 Bf5 10. d3 Qd7 11. Nd5 Nxd5 12. cxd5 Ne7 13. e4 Bh3 14. d4 Bxg2 15. Kxg2 f5 16. dxe5 fxe4 17. e6 Qb5 18. Nc3 Qc5 19. Qe2 Nxd5 20. Nxe4 Qc6 21. Qg4 Nf4+ 22.
Kg1 Nh3+ 23. Kh1 g6 24. f3 Qc2 25. e7 Rf7 26. Nf6+ Kh8 27. Qe6 Ng5 28. e8=Q+ Rxe8 29. Qxe8+ Kg7 30. Rab1 Nxf3 31. Ng4+ 1-0

[Event "Early-Titled-Tuesday-Blitz-September-26-2023"]
[Site "Chess.com"]
[Date "2023.09.26"]
[Round "8"]
[White "Cambek64"]
[Black "vedantgoswami"]
[Result "1-0"]
[WhiteElo "2448"]
[BlackElo "2350"]
[TimeControl "180+1"]
[EndTime "9:28:54 PDT"]
[Termination "Cambek64 won on time"]

1. e4 Nc6 2. Nc3 d6 3. d4 e5 4. d5 Nce7 5. f4 exf4 6. Bxf4 Ng6 7. Bg3 Nf6 8. Nf3 Nh5 9. Bf2 Be7 10. Qd2 Bg4 11.
O-O-O Bxf3 12. gxf3 Bg5 13. Be3 Bxe3 14. Qxe3 Nhf4 15. h4 h5 16. Bh3 Qf6 17. Bf5 a6 18. Rdg1 Qe5 19. Rg5 Qf6 20. Kb1 Kf8 21. Ne2 Nxe2 22. Bxg6 Nc3+ 23. bxc3 fxg6 24. Rhg1 Rh6 25. f4 Re8 26. e5 dxe5 27. fxe5 Qb6+ 28. Qxb6 cxb6 29. d6 Kf7 30. Rf1+ Ke6 31. c4 Rc8 32. Rf4 Rc5 33. Rf8 Rxc4 34. Re8+ Kd7 35. Re7+ Kd8 36. Rxg7 Rh8 37. Rxb7 Rf8 38. Rb8+ Rc8 39. Rxc8+ Kxc8 40. Rxg6 Kd7 41. Rg5 Rf2 42. Rxh5 a5 43. a3 b5 44. Kb2 1-0

[Event "Early-Titled-Tuesday-Blitz-September-26-2023"]
[Site "Chess.com"]
[Date "2023.09.26"]
[Round "8"]
[White "LeoWin2012"]
[Black "amelia91"]
[Result "1-0"]
[WhiteElo "2327"]
[BlackElo "2136"]
[TimeControl "180+1"]
[EndTime "9:28:56 PDT"]
[Termination "LeoWin2012 won by checkmate"]

1. e4 c5 2. Ne2 d6 3. g3 Nc6 4.
Bg2 g6 5. O-O Bg7 6. f4 e6 7. c3 Nge7 8. d4 cxd4 9. cxd4 d5 10. e5 O-O 11. Nbc3 Nf5 12. g4 Nfe7 13. Be3 f6 14. Qe1 Bd7 15. Ng3 Qa5 16. a3 fxe5 17. fxe5 Rxf1+ 18. Qxf1 Rf8 19. Qe2 Bxe5 20. dxe5 d4 21. Nce4 dxe3 22. Nf6+ Rxf6 23. exf6 Nd5 24. Bxd5 Qxd5 25. Qxe3 Ne5 26. Rf1 Bc6 27. f7+ Nxf7 28.
Qf2 e5 29. Ne4 Qd4 30. Qxd4 exd4 31. Nf6+ Kg7 32. h4 Ne5 33. g5 d3 34. Kf2 Ba4 35. Ke3 Bc2 36. Ne4 Nc4+ 37. Kd4 Nxb2 38. Kc3 Na4+ 39. Kd2 Nb6 40. Nc5 Nc4+ 41. Kc3 d2 42. Ne6+ Kg8 43. Rf8# 1-0

[Event "Early-Titled-Tuesday-Blitz-September-26-2023"]
[Site "Chess.com"]
[Date "2023.09.26"]
[Round "8"]
[White "rikchessmx"]
[Black "Flopezin"]
[Result "1-0"]
[WhiteElo "2356"]
[BlackElo "2303"]
[TimeControl "180+1"]
[EndTime "9:28:56 PDT"]
[Termination "rikchessmx won by checkmate"]

1. e4 e5 2. Nf3 Nc6 3. Bb5 a6 4. Ba4 Nf6 5. O-O Bc5 6. c3 b5 7. Bc2 d6 8. h3 O-O 9. d4 Ba7 10. d5 Ne7 11. a4 Bb7 12. Qe2 c6 13. dxc6 Bxc6 14. Na3 Ng6 15. Rd1 Qe7 16. Be3 Bxe3 17. Qxe3 d5 18. exd5 Nxd5 19. Qg5 f6 20. Qf5 Ndf4 21.
Ne1 Bxg2 22. Nxg2 Nxg2 23. Rd7 Qc5 24. Qe6+ Kh8 25. Kxg2 Nf4+ 26. Kf1 Nxe6 27. axb5 axb5 28. Rad1 Nf4 29. Bf5 e4 30. Bxe4 Nxh3 31. R1d2 Qg5 32.
Bg2 Nf4 33. Bf3 Qh4 34. Bxa8 Qh3+ 35. Kg1 Rxa8 36. Rd8+ Rxd8 37. Rxd8# 1-0

[Event "Early-Titled-Tuesday-Blitz-September-26-2023"]
[Site "Chess.com"]
[Date "2023.09.26"]
[Round "8"]
[White "zajka-molotok"]
[Black "UK_23"]
[Result "1-0"]
[WhiteElo "2530"]
[BlackElo "2403"]
[TimeControl "180+1"]
[EndTime "9:28:58 PDT"]
[Termination "zajka-molotok won by resignation"]

1. e4 e5 2. Nf3 Nc6 3. Bc4 Nf6 4. d3 Be7 5. O-O O-O 6. c3 d5 7. exd5 Nxd5 8. Re1 Bg4 9. h3 Bh5 10. Nbd2 Nb6 11. Bb5 f6 12. Bxc6 bxc6 13. Nf1 Kh8 14. Ng3 Bg6 15. d4 exd4 16. Nxd4 Qd7 17. Nxc6 Qxc6 18.
Rxe7 Rad8 19. Qb3 Qd6 20. Re1 c5 21. Be3 c4 22. Qb5 Bd3 23. Bc5 Qd5 24. a4 Rg8 25.
Bxb6 Qxb5 26. axb5 axb6 27. Ra7 Ra8 28. Rb7 Rab8 29.
Ree7 h6 30. Rxg7 Rge8 31. Rge7 Rxe7 32. Rxb8+ Kg7 33. Rxb6 Re1+ 34. Kh2 Rb1 35. Nh5+ Kf7 36. Rxf6+ Ke7 37. Rxh6 Rxb2 38. b6 Kf7 39. Kg3 Bg6 40. Nf4 Be4 41. f3 Kg7 42. Rd6 Ba8 43. h4 Rb3 44. h5 Rxc3 45. b7 Bxb7 46. Rd7+ Kf6 47. Rxb7 Rc1 48. h6 c3 49. h7 Rh1 50. Rc7 1-0

[Event "Early-Titled-Tuesday-Blitz-September-26-2023"]
[Site "Chess.com"]
[Date "2023.09.26"]
[Round "8"]
[White "Vesper2018"]
[Black "LionTheLeon_06"]
[Result "0-1"]
[WhiteElo "2579"]
[BlackElo "2805"]
[TimeControl "180+1"]
[EndTime "9:29:04 PDT"]
[Termination "LionTheLeon_06 won by resignation"]

1. e4 c6 2. d4 d5 3. e5 c5 4. c3 cxd4 5. cxd4 Nc6 6. Be2 Bf5 7. Nf3 e6 8. O-O Rc8 9. Nc3 Bb4 10. Bd2 Bxc3 11.
Bxc3 h6 12. Rc1 Nge7 13. b4 a6 14. a4 O-O 15. Qd2 Qd7 16. b5 axb5 17. axb5 Na7 18. Bb4 Rxc1 19. Rxc1 Rc8 20. h3 Be4 21. Ra1 b6 22.
Qa2 Rc7 23. Bd6 Rb7 24. Qb3 Nf5 25. Qb4 Nxd6 26. exd6 Bxf3 27. Bxf3 Nc8 28. Ra8 Kh7 29. Bd1 Nxd6 30. Bc2+ f5 31. Bd3 Rc7 32. Rb8 Rc1+ 33. Kh2 Qc7 34. Rf8 Ne4+ 35. g3 Nxf2 36. Be2 Rc2 37. Re8 Rxe2 0-1

[Event "Early-Titled-Tuesday-Blitz-September-26-2023"]
[Site "Chess.com"]
[Date "2023.09.26"]
[Round "8"]
[White "RandomNoob04"]
[Black "AlexPapasimakopoulos"]
[Result "1-0"]
[WhiteElo "2625"]
[BlackElo "2730"]
[TimeControl "180+1"]
[EndTime "9:29:06 PDT"]
[Termination "RandomNoob04 won by resignation"]

1. e4 e6 2. d4 d5 3. exd5 exd5 4. Nf3 Bg4 5. h3 Bh5 6. Qe2+ Qe7 7. Be3 Nc6 8. Nc3 O-O-O 9. O-O-O f6 10. g4 Bf7 11. Bg2 Qd7 12. Rhe1 Bb4 13. Bd2 Nge7 14. Na4 Bd6 15.
Qb5 a6 16. Qb3 g5 17. Nc5 Bxc5 18. dxc5 d4 19. Qxf7 Kb8 20. Qe6 Qe8 21. Qxf6 h6 22.
Ne5 Qg8 23. Bxc6 Qxa2 24. Bb4 Nxc6 25. Nxc6+ bxc6 26. Rxd4 Rde8 27. Rxe8+ Rxe8 28. Rd8+ Rxd8 29. Qxd8+ Kb7 30. Bc3 Qa1+ 31. Kd2 Qf1 32. Qd4 Qxh3 33. Ba5 Qf3 34. b3 Kc8 35. Kc1 Kb7 36. Kb2 Qf7 37. Qe5 Qd7 38. f3 Qf7 39. b4 Kc8 40. Qxc7+ Qxc7 41.
Bxc7 Kxc7 42. Kc3 Kd7 43. Kd4 Ke6 44. Ke4 Kf6 45. c4 Ke6 46. Kd4 Kf6 47. Kc3 Ke5 48.
b5 a5 49. b6 a4 50. b7 a3 51. b8=Q+ 1-0

[Event "Early-Titled-Tuesday-Blitz-September-26-2023"]
[Site "Chess.com"]
[Date "2023.09.26"]
[Round "8"]
[White "Barbix1"]
[Black "Chaos_Magic"]
[Result "1-0"]
[WhiteElo "2349"]
[BlackElo "2407"]
[TimeControl "180+1"]
[EndTime "9:29:08 PDT"]
[Termination "Barbix1 won on time"]

1. d4 Nf6 2. Nf3 c5 3. d5 b5 4. g3 Bb7 5. c4 bxc4 6. Nc3 d6 7. Bg2 g6 8. O-O Bg7 9. Nd2 h5 10. Nxc4 h4 11. a4 Nbd7 12. e4 Nb6 13. Ne3 a5 14.
Nb5 Nfd7 15. Re1 Ba6 16. Qc2 Qc8 17. Bd2 hxg3 18. hxg3 Bxb5 19. axb5 a4 20. Bc3 Ne5 21. f4 c4 22. fxe5 dxe5 23. Qf2 Qc5 24. Ng4 Qxb5 25.
Nxe5 O-O 26. Nc6 Rfe8 27. Bxg7 Kxg7 28. Qd4+ f6 29. e5 Rad8 30. exf6+ exf6 31. Rxe8 Rxe8 32. Rf1 Rf8 33. Qe4 Rf7 34. Nd4 Qxb2 35. Ne6+ Kh7 36. Qh4+ Kg8 37. Qh6 1-0

[Event "Early-Titled-Tuesday-Blitz-September-26-2023"]
[Site "Chess.com"]
[Date "2023.09.26"]
[Round "8"]
[White "RamonManon0g"]
[Black "AsaHoffmann"]
[Result "0-1"]
[WhiteElo "2284"]
[BlackElo "2399"]
[TimeControl "180+1"]
[EndTime "9:29:08 PDT"]
[Termination "AsaHoffmann won by resignation"]

1. e4 d6 2. d4 Nf6 3. Nc3 c6 4. Nf3 Bg4 5. Be2 e6 6. O-O d5 7. e5 Nfd7 8. h3 Bh5 9. Bg5 Be7 10. Be3 c5 11. Qd2 Nc6 12. dxc5 Bxf3 13. Bxf3 Ncxe5 14. Bh5 Nc4 15. Qe2 Nxe3 16. fxe3 g6 17. Bg4 Nxc5 18. Rad1 Qb6 19. Kh1 O-O 20. b3 Rad8 21. Qf2 Bg5 22. Qg3 Bh6 23. h4 Na6 24. Rf3 Qc7 25. Qe1 Rc8 26.
e4 dxe4 27. Nxe4 Qxc2 28. Nf6+ Kh8 29. Nd7 Bg7 30. Nxf8 Rxf8 31. Rd7 Nc5 32. Rdxf7 Rd8 33. Rc3 Qxc3 34. Qf2 Qd4 35. Qf3 Ne4 36. Kh2 Nf6 37. Bh3 Qe5+ 38. g3 Qd5 39. Bg2 Qxf3 40. Bxf3 Kg8 41. Rxb7 Nd5 42. Be2 a5 43. Ra7 Bc3 44.
Rc7 Bb4 45. Rb7 Nf6 46. Bc4 Re8 47. Rb6 Kf7 48. Rb7+ Re7 49. Rb6 Nd5 50. a3 Nxb6 0-1

[Event "Early-Titled-Tuesday-Blitz-September-26-2023"]
[Site "Chess.com"]
[Date "2023.09.26"]
[Round "8"]
[White "MikeSailer"]
[Black "kleopl"]
[Result "0-1"]
[WhiteElo "2219"]
[BlackElo "2464"]
[TimeControl "180+1"]
[EndTime "9:29:10 PDT"]
[Termination "kleopl won on time"]

1. d4 Nf6 2. Nc3 d5 3. Bf4 a6 4. e3 c5 5. dxc5 Nc6 6. Nf3 Bg4 7.
Be2 Bxf3 8. Bxf3 e6 9. Na4 Bxc5 10.
Nxc5 Qa5+ 11. c3 Qxc5 12. O-O Rd8 13. Bg5 Qe7 14. Qb3 O-O 15. Qb6 Ne5 16. Be2 Rc8 17.
Rfd1 Rc6 18. Qb3 Rfc8 19. Rd4 h6 20. Bh4 Ng6 21. Bg3 Ne4 22. Rb4 Nxg3 23. hxg3 R6c7 24. a4 Ne5 25. a5 Nc6 26. Rb6 Nd8 27. Qd1 Rc5 28. Bd3 Qc7 29. Qa4 Nc6 30. Qg4 Rxa5 31. Rxa5 Qxb6 32. Ra4 Qxb2 33. Rf4 Qxc3 34. Be2 Ne5 35. Qh4 Qa1+ 36. Kh2 Rc1 37. g4 Rh1+ 0-1

[Event "Early-Titled-Tuesday-Blitz-September-26-2023"]
[Site "Chess.com"]
[Date "2023.09.26"]
[Round "8"]
[White "Saif_Malek04"]
[Black "esrosenberg"]
[Result "0-1"]
[WhiteElo "2591"]
[BlackElo "2386"]
[TimeControl "180+1"]
[EndTime "9:29:11 PDT"]
[Termination "esrosenberg won by checkmate"]

1. e4 e5 2. Nf3 Nc6 3. d4 exd4 4. Bc4 Bc5 5. c3 Nf6 6. cxd4 Bb4+ 7. Bd2 Nxe4 8. O-O Nxd2 9. Nbxd2 O-O 10. a3 Bxd2 11. Qxd2 d5 12. Bd3 f6 13. Rfe1 Bg4 14. Qf4 Bxf3 15. gxf3 Re8 16. Kh1 Qd7 17. Rg1 Kh8 18. Qh4 f5 19. Rg5 Rf8 20. Rag1 Rf7 21. Rh5 h6 22. Qf4 Qd6 23. Qh4 Raf8 24. Rhg5 Nxd4 25. Rg6 Nxf3 26. Qh5 Qf4 27. R1g3 Qc1+ 28. Kg2 Ne1+ 29. Kh3 Nxd3 30. Kg2 Nf4+ 31. Kf3 Nxh5 32. Rh3 Nf4 33. Rhxh6+ gxh6 34. Rxh6+ Kg7 35. Rh4 Ng6 36. Rg4 fxg4+ 37. Kg3 Rxf2 38. h4 Qf4# 0-1

[Event "Early-Titled-Tuesday-Blitz-September-26-2023"]
[Site "Chess.com"]
[Date "2023.09.26"]
[Round "8"]
[White "Zurability"]
[Black "jaskol95"]
[Result "1-0"]
[WhiteElo "2755"]
[BlackElo "2612"]
[TimeControl "180+1"]
[EndTime "9:29:13 PDT"]
[Termination "Zurability won by checkmate"]

1. Nf3 d5 2. g3 Nd7 3. d4 Nb6 4. Bg2 Bf5 5. O-O e6 6. Nc3 c6 7. Nh4 Bg6 8. Nxg6 hxg6 9. e4 Nf6 10. e5 Nfd7 11. Ne2 Be7 12. b3 Qc7 13. Qd3 O-O 14.
c4 dxc4 15. bxc4 Rfd8 16. f4 g5 17. Qc3 gxf4 18. Bxf4 Nf8 19. Rf2 Ng6 20. Raf1 Qd7 21. Be3 Rf8 22. h4 Rad8 23. h5 Nh8 24. Be4 f5 25. exf6 Rxf6 26. h6 Rdf8 27. h7+ Kf7 28. Rxf6+ gxf6 29. Nf4 f5 30. d5 cxd5 31. cxd5 Bf6 32.
Bd4 e5 33. Bxe5 Bxe5 34. Qxe5 fxe4 35. Ne6+ Kg6 36. Nxf8+ Kh6 37. Nxd7 Nxd7 38. Qxh8 e3 39. Qg8 Nf6 40. h8=Q+ Nh7 41. Qhxh7# 1-0

[Event "Early-Titled-Tuesday-Blitz-September-26-2023"]
[Site "Chess.com"]
[Date "2023.09.26"]
[Round "8"]
[White "cukin84"]
[Black "Irina_Mikhaylova"]
[Result "0-1"]
[WhiteElo "2204"]
[BlackElo "2291"]
[TimeControl "180+1"]
[EndTime "9:29:13 PDT"]
[Termination "Irina_Mikhaylova won by resignation"]

1. e4 c5 2. Nc3 Nc6 3. Bb5 e6 4. Bxc6 bxc6 5. d3 Ne7 6. f4 d5 7. Nf3 Ba6 8. O-O c4 9. d4 f5 10. exf5 Nxf5 11. Kh1 Bd6 12. Qe2 Qf6 13. Ne5 Rc8 14.
Be3 O-O 15. Rae1 Rc7 16. Qg4 Nxe3 17. Rxe3 c5 18. Nf3 Re7 19. dxc5 Bxc5 20. Re5 Qxf4 21. Qxf4 Rxf4 22. Ne2 Rf6 23. c3 Bd6 24. Rg5 e5 25. Rd1 Bb7 26. h4 h6 27. Rh5 g6 28. Ng3 gxh5 29.
Nxh5 Rg6 30. Kh2 e4+ 31. Kh3 exf3 32. g4 f2 33. Rf1 Re5 34. Rxf2 Re3+ 35. Kg2 d4+ 36.
Kf1 d3 37. Nf6+ Rxf6 38. Rxf6 Bg3 39. Rg6+ Kf7 40. Rd6 Bf3 41. Rd7+ Ke6 42. Re7+ Kxe7 0-1

[Event "Early-Titled-Tuesday-Blitz-September-26-2023"]
[Site "Chess.com"]
[Date "2023.09.26"]
[Round "8"]
[White "Druid24"]
[Black "sergoy"]
[Result "0-1"]
[WhiteElo "2661"]
[BlackElo "2927"]
[TimeControl "180+1"]
[EndTime "9:29:14 PDT"]
[Termination "sergoy won on time"]

1. e4 c5 2. Nc3 e6 3. Nf3 a6 4. g3 b5 5. Bg2 Bb7 6. d4 b4 7. Na4 Bxe4 8. Nxc5 Bd5 9. O-O Nf6 10. Re1 Be7 11.
a3 bxa3 12. b3 d6 13. Nd3 O-O 14. Bxa3 Nc6 15. c4 Be4 16. Nf4 d5 17. Bxe7 Nxe7 18. c5 Nf5 19. Ne5 Bxg2 20. Kxg2 Nd7 21. Qd3 Nxe5 22. Rxe5 Ne7 23. Re2 Nc6 24. Ra4 a5 25. Qc3 Rb8 26. Nd3 Rb5 27. b4 h5 28. bxa5 Nxa5 29.
Rea2 Nc4 30. Nb2 Nxb2 31. Rxb2 Rxb2 32. Qxb2 h4 33. c6 Qc8 34. Qb7 e5 35. dxe5 h3+ 36. Kf3 Qf5+ 37. Rf4 Qxe5 38. Qd7 g5 39. Ra4 f5 40. c7 g4+ 0-1

[Event "Early-Titled-Tuesday-Blitz-September-26-2023"]
[Site "Chess.com"]
[Date "2023.09.26"]
[Round "8"]
[White "Zavgorodniy_Sergiy"]
[Black "jraosam"]
[Result "1-0"]
[WhiteElo "2589"]
[BlackElo "2084"]
[TimeControl "180+1"]
[EndTime "9:29:14 PDT"]
[Termination "Zavgorodniy_Sergiy won by resignation"]

1. e4 d5 2. exd5 Qxd5 3. Nc3 Qd6 4. g3 e5 5. Bg2 a6 6. Nge2 Nc6 7. O-O Bg4 8. h3 Be6 9. d3 O-O-O 10. b4 Nd4 11. b5 axb5 12. a4 b4 13. Nb5 Qc5 14. c3 Nxe2+ 15. Qxe2 f6 16. Be3 Qe7 17. cxb4 Bd5 18.
Rfc1 c6 19. a5 Bxg2 20. Kxg2 Kb8 21. a6 cxb5 22. Ba7+ Ka8 23. axb7+ Qxb7+ 24. Kg1 Rc8 25. Bc5+ Kb8 26. Ra7 Bxc5 27. Rxb7+ Kxb7 28. bxc5 Ne7 29. d4 Nc6 30. Qxb5+ Kc7 31. Qb6+ Kd7 32. d5 Nd4 33. Qd6+ Ke8 34. c6 Ne2+ 35. Kf1 Nxc1 36. Qd7+ Kf8 37. Qxc8+ Ke7 38. Qxh8 Kd6 39. Qxg7 1-0

[Event "Early-Titled-Tuesday-Blitz-September-26-2023"]
[Site "Chess.com"]
[Date "2023.09.26"]
[Round "8"]
[White "GaalZsoka"]
[Black "LeoLV10"]
[Result "1-0"]
[WhiteElo "2484"]
[BlackElo "2610"]
[TimeControl "180+1"]
[EndTime "9:29:14 PDT"]
[Termination "GaalZsoka won by resignation"]

1. Nf3 Nf6 2. g3 b5 3. Bg2 Bb7 4. O-O g6 5. d4 Bg7 6. a4 b4 7. c4 O-O 8. a5 c5 9. d5 d6 10. Nbd2 e5 11. e4 Ne8 12. Nb3 Ba6 13.
Qc2 Nd7 14. Be3 f5 15. Ng5 Nc7 16. exf5 gxf5 17. Ne6 Nxe6 18. dxe6 Nf6 19. Rad1 Rb8 20. Bxc5 Ne8 21. Bxd6 Nxd6 22. c5 Rc8 23. Qb1 Bxf1 24. Kxf1 Qg5 25. cxd6 f4 26. e7 fxg3 27. exf8=Q+ Rxf8 28. hxg3 Qxg3 29. Qc2 e4 30. Kg1 Qg5 31. Qxe4 Qf6 32.
Qe3 Kh8 33. d7 Qd8 34. Nc5 Bxb2 35. Ne6 Bg7 36. Nxd8 Rxd8 37. Qe8+ 1-0

[Event "Early-Titled-Tuesday-Blitz-September-26-2023"]
[Site "Chess.com"]
[Date "2023.09.26"]
[Round "8"]
[White "Denis_Makhnyov"]
[Black "DuleMudule"]
[Result "1-0"]
[WhiteElo "2932"]
[BlackElo "2786"]
[TimeControl "180+1"]
[EndTime "9:29:15 PDT"]
[Termination "Denis_Makhnyov won on time"]

1. f4 d5 2. Nf3 Bg4 3. d4 Bxf3 4. exf3 e6 5. c4 dxc4 6. Bxc4 c6 7. f5 Qa5+ 8. Nc3 Qxf5 9. O-O Nd7 10. Re1 Ngf6 11. Qb3 Nb6 12. Re5 Qg6 13. Rg5 Qh6 14. Bxe6 fxe6 15.
Qxe6+ Kd8 16. Rd5+ Nfxd5 17. Bxh6 gxh6 18. a4 a5 19.
Ne4 Bg7 20. Qf7 Bxd4+ 21. Kh1 Nd7 22. Rd1 Be5 23. g3 Bc7 24. f4 Ra6 25. Nf6 N7b6 26. Nxd5 Nxd5 27. Qf6+ Kd7 28. Qxh8 Bd6 29. Qxh7+ Be7 30.
Qxh6 Rb6 31. Rxd5+ Kc7 32. Qg7 cxd5 33. Qxe7+ Kc6 34. f5 Rxb2 35. f6 1-0

[Event "Early-Titled-Tuesday-Blitz-September-26-2023"]
[Site "Chess.com"]
[Date "2023.09.26"]
[Round "8"]
[White "whiteglovethief"]
[Black "pirulillo"]
[Result "1-0"]
[WhiteElo "2499"]
[BlackElo "2357"]
[TimeControl "180+1"]
[EndTime "9:29:15 PDT"]
[Termination "whiteglovethief won by resignation"]

1. d4 Nf6 2. c4 g6 3. Nc3 Bg7 4. e4 d6 5. Nf3 O-O 6. Be2 e5 7.
O-O Na6 8. Be3 Ng4 9. Bg5 Qe8 10. dxe5 dxe5 11. h3 Nf6 12. Qc2 c6 13. Rad1 h6 14. Be3 Nh5 15. Rfe1 Nf4 16. Bf1 g5 17. Nh2 Qe7 18. a3 Nc5 19. b4 Nce6 20. c5 Nd4 21. Qb2 Qf6 22. Ne2 Nfxe2+ 23. Bxe2 Qg6 24. Bg4 h5 25. Bxc8 Raxc8 26. Bxd4 exd4 27. e5 d3 28. Re3 Rcd8 29.
Qc3 Rfe8 30. Rdxd3 Rxd3 31. Qxd3 Qxd3 32. Rxd3 Rxe5 33. Rd8+ Kh7 34. Nf3 Rf5 35. Rd7 Bf6 36. Rxf7+ Kg6 37. Rxb7 g4 38. hxg4 hxg4 39. Nh2 g3 40. Nf3 Rd5 41. fxg3 Rd1+ 42. Kh2 a5 43. bxa5 Ra1 44. Rb6 Rxa3 45. a6 Ra5 46. Rxc6 Kf5 47. g4+ Kxg4 48. Rxf6 Rxc5 49. a7 Ra5 50. Rf7 Ra6 51.
Rg7+ Kh5 52. Kg3 Kh6 53. Rf7 Kg6 54. Ne5+ Kh6 55. Kf4 Kh5 56. Rh7+ Rh6 57. Rxh6+ Kxh6 58. a8=Q 1-0

[Event "Early-Titled-Tuesday-Blitz-September-26-2023"]
[Site "Chess.com"]
[Date "2023.09.26"]
[Round "8"]
[White "Yurasova_Daria"]
[Black "mapleaff"]
[Result "0-1"]
[WhiteElo "2473"]
[BlackElo "2364"]
[TimeControl "180+1"]
[EndTime "9:29:16 PDT"]
[Termination "mapleaff won by resignation"]

1. d4 Nf6 2. Bg5 c5 3. Bxf6 gxf6 4. e3 f5 5. c3 e6 6. Nd2 Nc6 7. g3 b6 8. Bg2 Bb7 9. Ne2 Qc7 10. O-O O-O-O 11.
a4 h5 12. b4 d6 13. a5 h4 14.
axb6 axb6 15. bxc5 dxc5 16. Qb3 hxg3 17. hxg3 Na5 18.
Qb2 Bxg2 19. Kxg2 Qc6+ 20. Nf3 Nc4 21. Qa2 Be7 22. Qxc4 Rh2+ 23. Kxh2 Qxf3 24. Qa6+ Kc7 25. Qa7+ Kc6 26. d5+ exd5 27. Nf4 Rh8+ 28. Nh3 Qh5 29. Qa8+ Rxa8 30. Rxa8 Bd6 31. Kg2 Qg4 32. Nf4 Bxf4 33. exf4 Qe2 34. Rf8 Qe6 35. Kg1 Kb5 36. Rb8 Kc4 37. Rb1 Kxc3 38. R8xb6 d4 39. Rxe6 fxe6 40. Kf1 Kc2 41. Rb5 c4 42. Ke1 d3 0-1

[Event "Early-Titled-Tuesday-Blitz-September-26-2023"]
[Site "Chess.com"]
[Date "2023.09.26"]
[Round "8"]
[White "jjlai1111"]
[Black "GianmarcoVaR"]
[Result "1-0"]
[WhiteElo "2379"]
[BlackElo "2593"]
[TimeControl "180+1"]
[EndTime "9:29:17 PDT"]
[Termination "jjlai1111 won on time"]

1. d4 g6 2. Nf3 Bg7 3. g3 d6 4. Bg2 Nd7 5. O-O Ngf6 6. c4 a6 7. Nc3 Rb8 8. a4 e5 9. e4 O-O 10. d5 a5 11. Ne1 Nc5 12. Nd3 Nfxe4 13. Nxe4 Na6 14. Bd2 b6 15. b4 axb4 16. Nxb4 Nxb4 17. Bxb4 f5 18. Nc3 Ba6 19. Nb5 f4 20. Bc3 Qd7 21. Qc2 f3 22. Bh1 Qg4 23. Bb2 Rf5 24. Ra3 Rbf8 25. Re1 Qh3 26. Re4 Rh5 27. Rh4 Rxh4 28.
gxh4 Qg4+ 29. Kf1 Qxh4 30. Rxf3 Rxf3 31. Bxf3 Qxh2 32. Bg2 Qf4 33. Bc1 Qf7 34. Bh3 Kh8 35.
Qe4 Qe7 36. Be6 Bf6 37. Qg4 Bg7 38. Bc8 Qf8 39. Bxa6 e4 40. Qc8 Bh6 41. Bxh6 Qg8 42. Qd7 1-0

[Event "Early-Titled-Tuesday-Blitz-September-26-2023"]
[Site "Chess.com"]
[Date "2023.09.26"]
[Round "8"]
[White "Elaisaz"]
[Black "LileKoridze"]
[Result "0-1"]
[WhiteElo "2127"]
[BlackElo "2340"]
[TimeControl "180+1"]
[EndTime "9:29:17 PDT"]
[Termination "LileKoridze won on time"]

1. d4 Nf6 2. c4 e6 3. Nc3 Bb4 4. Nf3 d5 5. cxd5 exd5 6. Qa4+ Nc6 7. e3 O-O 8. Bd3 Bd7 9. Qc2 h6 10. O-O Re8 11. a3 Bxc3 12. bxc3 Qe7 13. a4 Ne4 14. Ba3 Qf6 15. c4 Ng5 16. Nxg5 Qxg5 17. cxd5 Qxd5 18. Bc4 Qh5 19. Rad1 Bf5 20. Qb3 Qg6 21. Qxb7 Be4 22. f3 Na5 23. Qxc7 Nxc4 24. Qxc4 Bf5 25. e4 Bh3 26. Qe2 Rac8 27. Rc1 Rcd8 28. d5 Rxd5 29. Kh1 Bd7 30. Rc7 Bxa4 31. Qc4 Rd2 32. Rg1 Bd7 33.
Rxa7 Rc8 34. Qb4 Rcc2 35. Ra8+ Kh7 36. Bc1 Rxg2 0-1

[Event "Early-Titled-Tuesday-Blitz-September-26-2023"]
[Site "Chess.com"]
[Date "2023.09.26"]
[Round "8"]
[White "GMaka"]
[Black "Let_it_be_1"]
[Result "0-1"]
[WhiteElo "2413"]
[BlackElo "2601"]
[TimeControl "180+1"]
[EndTime "9:29:18 PDT"]
[Termination "Let_it_be_1 won on time"]

1. d4 d5 2. Bf4 e6 3. Nc3 Bd6 4. e3 Bxf4 5. exf4 Ne7 6. Nf3 b6 7. Qd2 O-O 8. O-O-O c5 9. Ne5 Ba6 10. h4 Bxf1 11. Rdxf1 cxd4 12. Qxd4 Nbc6 13. Qd3 Qd6 14. Re1 Rac8 15. a3 Nxe5 16. fxe5 Qc5 17. h5 h6 18. f4 Qc4 19. Qxc4 Rxc4 20. Rhf1 Rfc8 21. Rf2 a6 22. Nd1 d4 23. g3 Nf5 24. g4 Ne7 25. Re4 Nd5 26.
Rd2 d3 27. Rxc4 Rxc4 28. Rxd3 Rxf4 29. Ne3 Nxe3 30. Rxe3 Rxg4 31. Rd3 Rg5 32. Rd6 Rxh5 33. Rxb6 Rxe5 34. Rxa6 h5 35. Rd6 g5 36. b4 h4 37. c4 h3 38. c5 h2 39. Rd1 g4 40. c6 Re4 41. b5 g3 42. Kb2 g2 43. c7 Rc4 44. b6 g1=Q 0-1